 Dungeon Crawl Stone Soup version 0.19.1 (webtiles) character file.

652 ImaNewbie the Fighter (level 7, 0/81 HPs)
             Began as an Ogre Fighter on Dec 27, 2016.
             Slain by an orc warrior
             ... wielding a +0 short sword
              (8 damage)
             ... on level 4 of the Dungeon.
             The game lasted 00:09:26 (5267 turns).

ImaNewbie the Fighter (Ogre Fighter)                Turns: 5267, Time: 00:09:28

Health: 0/81       AC:  4    Str: 24    XL:     7   Next: 54%
Magic:  7/7        EV:  8    Int:  7    God:
Gold:   128        SH:  8    Dex:  6    Spells: 0 memorised, 6 levels left

rFire  . . .     SeeInvis .     a - +0 flail
rCold  . . .     Gourm    .     b - +0 robe
rNeg   . . .     Faith    .     c - +0 shield
rPois  .         Spirit   .     (helmet restricted)
rElec  .         Reflect  .     m - +0 cloak
rCorr  .         Harm     .     (gloves unavailable)
MR     +....                    (boots unavailable)
Stlth  +.........               (no amulet)
                                o - -3 ring of dexterity (curse)
                                l - ring of protection from magic

@: no status effects
A: unfitting armour, tough skin 1
a: no special abilities


You were on level 4 of the Dungeon.
You were hungry.

You visited 1 branch of the dungeon, and saw 4 of its levels.

You collected 128 gold pieces.

Inventory:

Hand Weapons
 a - a +0 flail (weapon)
 k - a +0 giant spiked club
Armour
 b - a +0 robe (worn)
 c - a +0 shield (worn)
 m - a +0 cloak (worn)
Jewellery
 l - a ring of protection from magic (left hand)
 o - a cursed -3 ring of dexterity (right hand)
 s - an uncursed ring of flight {unknown}
Scrolls
 g - a scroll of immolation
 j - a scroll of magic mapping
 r - 5 scrolls of identify
 t - 4 scrolls of enchant weapon {unknown}
 v - a scroll of blinking
Potions
 d - 2 potions of might
 e - a potion of mutation {unknown}
 h - a potion of brilliance
 n - a potion of invisibility
 q - a potion of beneficial mutation {unknown}
 w - 2 potions of curing {unknown}
Books
 p - a book of Cantrips

   Spells                             Type                      Level
   a - Confusing Touch                Hexes                        1
   b - Animate Skeleton               Necromancy                   1
   c - Summon Small Mammal            Summoning                    1
   d - Apportation                    Translocation                1
Comestibles
 f - 2 bread rations
 i - a meat ration {i}
 u - a beef jerky


   Skills:
 + Level 8.4 Fighting
 + Level 7.7 Maces & Flails
 - Level 2.6 Dodging
 - Level 2.6 Shields


You had 6 spell levels left.
You didn't know any spells.

Dungeon Overview and Level Annotations

Branches:
Dungeon (4/15)
 Temple: D:4-7

Altars:
Elyvilon

Annotations:
D:3 solomon12318's ghost, amateur MiFi


Innate Abilities, Weirdness & Mutations

You are too large for most types of armour.
You have tough skin. (AC +1)


Message History

The orc warrior hits you with a short sword.
You block the orc's attack.
Things that are here:
a morningstar; a leather armour You completely miss the orc warrior.
You block the orc warrior's attack.
You closely miss the orc warrior.
The orc warrior hits you with a short sword.
The orc warrior hits you with a short sword!
You closely miss the orc warrior.
The orc warrior hits you with a short sword!!
You hit the orc warrior but do no damage.
The orc warrior hits you with a short sword!
* * * LOW HITPOINT WARNING * * *
You barely miss the orc warrior.
The orc warrior hits you with a short sword.
* * * LOW HITPOINT WARNING * * *
You sock the orc warrior!
The orc warrior is heavily wounded.
The orc warrior hits you with a short sword!
You die...

.....#..........##.........
........###.....@oo).......
................##.........
#.#.##.#.##......#.........
.........##....#.##########
...###.#....##.#..#
............##..#.###
...###.#.######.#...####
...###(#..# #..##....#
....##.##.## ##.##....#
..>..#.##..# ###).....(#
...#...###.###.....#...#
...#....#..........# .#
.............<.....#
...##.###<.........#
..###.###..........#
..............8...##


You could see an orc warrior and an orc.

Vanquished Creatures
  An ogre (D:4)
  A bullfrog (D:4)
  A scorpion (D:4)
  3 bullfrog zombies (D:4)
  A hound (D:4)
  A centaur skeleton (D:4)
  An orc wizard (D:3)
  3 worker ants (D:4)
  2 worker ant zombies (D:4)
  3 gnolls
  4 adders
  3 adder skeletons (D:4)
  An adder zombie (D:4)
  A worm (D:3)
  3 dart slugs
  3 leopard geckos
  6 orcs
  9 bats
  6 giant cockroaches
  8 goblins
  6 hobgoblins
  6 jackals
  7 kobolds
  4 quokkas
  3 ball pythons (D:3)
  3 frilled lizards
  A leopard gecko skeleton (D:4)
  A leopard gecko zombie (D:4)
  A quokka skeleton (D:4)
  9 rats
102 creatures vanquished.

Notes
Turn   | Place    | Note
-------+----------+-------------------------------------------
     0 | D:1      | ImaNewbie the Ogre Fighter began the quest for the Orb.
     0 | D:1      | Reached XP level 1. HP: 24/24 MP: 1/1
   166 | D:1      | Reached XP level 2. HP: 33/33 MP: 2/2
   481 | D:2      | Reached XP level 3. HP: 33/41 MP: 3/3
   665 | D:2      | Reached skill level 5 in Fighting
  1302 | D:2      | Reached XP level 4. HP: 29/50 MP: 4/4
  2060 | D:3      | Reached skill level 6 in Fighting
  2063 | D:3      | Reached XP level 5. HP: 48/59 MP: 5/5
  2249 | D:2      | Reached skill level 5 in Maces & Flails
  2768 | D:3      | Noticed solomon12318's ghost (amateur MiFi)
  3692 | D:4      | Reached XP level 6. HP: 29/68 MP: 6/6
  4094 | D:4      | Reached skill level 7 in Fighting
  4103 | D:4      | Got a pair of steaming gloves
  4380 | D:4      | Reached XP level 7. HP: 71/79 MP: 7/7
  4539 | D:4      | Reached skill level 8 in Fighting
  4903 | D:4      | Found a white marble altar of Elyvilon.
  5267 | D:4      | Slain by an orc warrior

Skill      XL: |  1  2  3  4  5  6  7 |
---------------+----------------------+-----
Maces & Flails | 3 4 6 7 |  7.7
Fighting       | 5 6 7 8 |  8.4
Dodging        | |  2.6
Shields        | |  2.6

Action                   |  1- 3 |  4- 6 |  7- 9 || total
-------------------------+-------+-------+-------++-------
Melee: Flail             |   115 |   242 |   109 ||   466
  Use: Scroll            |       |     9 |       ||     9
 Stab: Sleeping          |       |     1 |       ||     1
  Eat: Chunk             |     1 |    11 |     2 ||    14
Armor: Robe              |    35 |    85 |    18 ||   138
Dodge: Dodged            |    50 |   109 |    35 ||   194
Block: Shield            |    69 |   151 |    38 ||   258
